 Dungeon Crawl Stone Soup version 0.25.1-2-g60ff931df9 (webtiles) character file.

Game seed: 9541788480152112599

45 MrRokkomies the Slasher (level 3, -1/29 HPs)
             Began as a Vampire Chaos Knight on Aug 5, 2020.
             Was a Plaything of Xom.
             Slain by a gnoll
             ... wielding a +0 halberd
              (3 damage)
             ... on level 2 of the Dungeon.
             The game lasted 00:01:47 (3722 turns).

MrRokkomies the Slasher (Vampire Chaos Knight)      Turns: 3722, Time: 00:01:50

Health: -1/29      AC:  5    Str: 10 (11) XL:     3   Next: 42%
Magic:  3/3        EV: 12    Int: 12 (15) God:    Xom [...*..]
Gold:   48         SH:  0    Dex: 12 (13) Spells: 2/2 levels left

rFire    . . .     SeeInvis +   a - +0 falchion (chaos)
rCold    + . .     Gourm    .   (no shield)
rNeg     . . .     Faith    .   h - +1 leather armour {MR+}
rPois    .         Spirit   .   c - +0 helmet
rElec    .         Reflect  .   (no cloak)
rCorr    .         Harm     .   (no gloves)
MR       +....                  (no boots)
Stlth    +.........             (no amulet)
HPRegen  0.29/turn              (no ring)
MPRegen  0.08/turn              (no ring)

@: confused, regenerating quickly
A: no food, fangs 3, large bone plates 1, see invisible, cold resistance 1,
unbreathing, MP-powered wands
a: Exsanguinate, Renounce Religion


You were on level 2 of the Dungeon.
You worshipped Xom.
You were a favourite toy of Xom.
You were alive.

You visited 1 branch of the dungeon, and saw 2 of its levels.

You collected 48 gold pieces.

Inventory:

Hand Weapons
 a - a +0 falchion of chaos (weapon)
Armour
 c - a +0 helmet (worn)
 h - a +1 leather armour of magic resistance (worn)


   Skills:
 + Level 3.0 Fighting
 * Level 3.6 Long Blades
 - Level 0.7 Armour
 * Level 3.0 Dodging
 + Level 1.6 Stealth


You had 2 spell levels left.
You didn't know any spells.
Your spell library was empty.

Dungeon Overview and Level Annotations

Branches:
Dungeon (2/15)

Altars:


Innate Abilities, Weirdness & Mutations

You do not eat.
Your natural rate of healing is unusually fast.
You have razor-sharp teeth.
You have supernaturally acute eyesight. (SInv)
You can survive without breathing.
You are partially covered in large bone plates. (SH +4)
Your flesh is cold resistant. (rC+)
You expend magic power (3 MP) to strengthen your wands.


Message History

You're too confused to move!
The gnoll hits you from afar with a +0 halberd!
* * * LOW HITPOINT WARNING * * *
The gnoll hits you with a +0 whip.
* * * LOW HITPOINT WARNING * * *
You miss the gnoll. The gnoll closely misses you. x2
Unknown command.
It was a potion of degeneration.
There was something very wrong with that liquid.
You feel weakened.
You feel dopey.
You feel clumsy.
Xom roars with laughter! "Hum-dee-hum-dee-hum..."
The gnoll is charmed.
The gnoll closely misses you.
It was a potion of mutation.
You feel extremely strange.
Your body's shape seems more normal.
You feel your magical essence link to the dungeon's wands.
Large bone plates grow over parts of your arms.
You feel resistant to cold.
The gnoll hits you from afar with a +0 halberd.
You die...

## #. #. #######.
........ #######.
#.###############...#.
#.ggg@..........'.....
#################....#
#####...## #......###
.........# #
.........# #
..#.^....# . #.....[#
#......#


You could see 2 gnolls and a friendly gnoll (charmed).

Vanquished Creatures
  An ooze (D:1)
  A dart slug (D:1)
  A leopard gecko (D:1)
  2 giant cockroaches (D:1)
  6 goblins
  5 hobgoblins (D:1)
  2 ball pythons
  5 bats (D:2)
  A frilled lizard (D:2)
  4 kobolds (D:1)
  4 rats (D:1)
32 creatures vanquished.

Vanquished Creatures (others)
  A goblin (D:1)
1 creature vanquished.

Grand Total: 33 creatures vanquished

Notes
Turn   | Place    | Note
-------+----------+-------------------------------------------
     0 | D:1      | MrRokkomies the Vampire Chaos Knight began the quest for
                  | the Orb.
     0 | D:1      | Reached XP level 1. HP: 17/17 MP: 1/1
     7 | D:1      | XOM: divination: detect items
    14 | D:1      | XOM: potion effect (haste)
    23 | D:1      | Reached XP level 2. HP: 23/23 MP: 2/2
    95 | D:1      | Reached skill level 1 in Stealth
   195 | D:1      | Reached XP level 3. HP: 28/28 MP: 3/3
   698 | D:1      | XOM: noise
   938 | D:1      | XOM: cloud trail
  1188 | D:1      | XOM: divination: detect creatures
  1713 | D:1      | XOM: silly message
  1748 | D:1      | XOM: silly message
  1801 | D:1      | XOM: silly message
  1924 | D:1      | XOM is BORED!
  1924 | D:1      | XOM: silly message
  2549 | D:1      | XOM: summons 4 hostile shadow creatures
  2932 | D:2      | XOM: give mutations
  2932 | D:2      | Gained mutation: Armour fits poorly on your strangely
                  | shaped body. [Xom's mischief]
  3555 | D:2      | XOM is BORED!
  3555 | D:2      | XOM: 3-stop teleportation journey
  3718 | D:2      | XOM: confusion
  3719 | D:2      | HP: 1/29 [gnoll/+0 whip (4)]
  3721 | D:2      | XOM: enchant monster (good)
  3722 | D:2      | Lost mutation: Armour fits poorly on your strangely shaped
                  | body. [potion of mutation]
  3722 | D:2      | Gained mutation: You expend magic power (3 MP) to
                  | strengthen your wands. [potion of mutation]
  3722 | D:2      | Gained mutation: You are partially covered in large bone
                  | plates. (SH +4) [potion of mutation]
  3722 | D:2      | Gained mutation: Your flesh is cold resistant. (rC+)
                  | [potion of mutation]
  3722 | D:2      | Slain by a gnoll

Illustrated notes

Levels and vault maps discovered:
D:1:      scummos_arrival_forest, layout_rooms
D:2:      minmay_evil_eye, layout_basic, first_ration, minmay_distorted

Skill      XL: |  1  2  3 |
---------------+----------+-----
Stealth        | 1 |  1.6
Fighting       | 3 |  3.0
Dodging        | 3 |  3.0
Long Blades    | |  3.6
Armour         | |  0.7

Action                   || total
-------------------------++-------
Melee: Falchion          ||    68
       Bite              ||     4
  Use: Scroll            ||     3
       Potion            ||     2
 Stab: Sleeping          ||     3
Armor: Leather armour    ||     9
Dodge: Dodged            ||    55
       Rpst.: Falchion   ||    16
